 Dungeon Sprint DCSS version 0.20.1-1-g8b1a95d (console) character file.

3500000 hilaritas the Axe Maniac (level 25, -130/234 HPs)
             Began as a Demonspawn Gladiator on Dec 3, 2017.
             Was the Champion of Makhleb.
             Annihilated by a sculptor of flesh
             ... wielding a +9 great sword
              (213 damage)
             ... in the Dungeon (Sprint VIII: "Arena of Blood").
             The game lasted 00:02:58 (35 turns).

hilaritas the Axe Maniac (Demonspawn Gladiator)       Turns: 35, Time: 00:02:59

Health: -130/234   AC:  8    Str: 24    XL:     25   Next: 21%
Magic:  22/54      EV: 32    Int: 11    God:    Makhleb [******]
Gold:   0          SH:  8    Dex: 16    Spells: 78/78 levels left

rFire    . . .     SeeInvis .   l - +∞ Axe of Woe
rCold    . . .     Gourm    .   (shield currently unavailable)
rNeg     . . .     Faith    .   b - +0 leather armour
rPois    .         Spirit   .   c - +0 helmet
rElec    .         Reflect  .   (no cloak)
rCorr    .         Harm     .   (gloves unavailable)
MR       +....     NoTele   +   (no boots)
Stlth    +++++++++.             (no amulet)
Regen    0.5/turn               (no ring)
MPRegen  0.4/turn               (no ring)

@: no status effects
A: claws 3, large bone plates 3, demonic guardian 3, foul stench 2, augmentation
3, rot immunity
a: Minor Destruction, Lesser Servant of Makhleb, Major Destruction, Greater
Servant of Makhleb, Renounce Religion


You were in the Dungeon.
You worshipped Makhleb.
Makhleb was exalted by your worship.
You were not hungry.

You visited 1 branch

Inventory:

Hand Weapons
 a - a +0 war axe
 l - the +∞ Axe of Woe (weapon)
   (You found it in the Dungeon)
Missiles
 d - 3 throwing nets (quivered)
Armour
 b - a +0 leather armour (worn)
 c - a +0 helmet (worn)
Scrolls
 k - a scroll of blinking
Potions
 e - a potion of curing
 g - a potion of heal wounds
 h - a potion of haste
 i - 2 potions of magic
 j - a potion of berserk rage
Comestibles
 f - a bread ration


   Skills:
 O Level 27 Fighting
 O Level 27 Axes
 O Level 27 Throwing
 O Level 27 Armour
 O Level 27 Dodging
 O Level 27 Stealth
 O Level 27 Unarmed Combat
 O Level 27 Spellcasting
 O Level 27 Invocations


You had 78 spell levels left.
You didn't know any spells.

Dungeon Overview and Level Annotations

Branches:
Dungeon (1/1)

Altars:
Makhleb


Innate Abilities, Weirdness & Mutations

You have claws for hands.
You are completely covered in large bone plates. (SH +8)
A powerful demonic guardian rushes to your aid.
You frequently emit foul miasma when damaged in melee.
Your magical and physical power is greatly enhanced at high health.
You are immune to rotting.


Message History

The destroyer draws strength from your injuries!
You emit a cloud of foul miasma!
The destroyer blinks!
You hear a shout!
Your lorocyproca hits the bag of meat!!
You hear a shout!
The sculptor of flesh appears out of thin air!
A sculptor of flesh comes into view. It is wielding a +9 great sword.
You hear a shout! x2
A bag of meat comes into view. It is wielding a +9 war axe.
The bag of meat shouts!
An orc, a small abomination and 5 crawling corpses come into view.
Things that are here:
a +9 war axe; a +30 ring of slaying Unknown command.
The meat berserker hits you with a +9 battleaxe!!
You emit a cloud of foul miasma!
You hear a shout! x2
The sculptor of flesh hits you with a +9 great sword!!!!!
Ouch! That really hurt!
You die...

.... ...# ...#
...o....o.# .oo..#
...###......... .o...#
#.........o...###.o...#
..........oo....oo....#
..#.......#.#o........#
)_#........oox.x.z...=#
).#....))#o#o#Vx...§..#
.)..)..))ooooo.O@z....#
#.))..))))#x#2#Oo#..V.#
..)###)))..oooOo#.....#
...#.....x.ooooxo#....#
...#.......oooo.#.....#
..............oo......#
.......#...#......##..#
......#....#.....## ..#
....## ....# ..


You could see 2 destroyers, 2 sculptors of flesh, a large bag of meat (inner
flame), 2 meat berserkers, 33 bags of meat, 5 crawling corpses and a friendly
lorocyproca (invisible).

Vanquished Creatures
  2 vampire knights (D)
  15 ogres (D)
  27 orcs (D)
44 creatures vanquished.

Notes
Turn   | Place    | Note
-------+----------+-------------------------------------------
     0 | D        | hilaritas the Demonspawn Gladiator began the quest for the Orb.
     0 | D        | Reached XP level 1. HP: 16/16 MP: 1/1
     3 | D        | Noticed a bag of meat
     3 | D        | Noticed a bag of meat
     3 | D        | Noticed a meat berserker
     4 | D        | Noticed a bag of meat
     4 | D        | Became a worshipper of Makhleb the Destroyer
     5 | D        | Noticed a bag of meat
     5 | D        | Noticed a meat berserker
     6 | D        | Noticed a bag of meat
     6 | D        | Noticed a bag of meat
     6 | D        | Killed a meat berserker
     6 | D        | Reached skill level 27 in Axes
     6 | D        | Gained mutation: A weak demonic guardian rushes to your aid. [demonic ancestry]
     6 | D        | Reached XP level 2. HP: 31/31 MP: 2/2
     6 | D        | Gained mutation: You are partially covered in large bone plates. (SH +4) [demonic ancestry]
     6 | D        | Reached XP level 3. HP: 36/36 MP: 3/3
     6 | D        | Gained mutation: You have sharp fingernails. [demonic ancestry]
     6 | D        | Reached XP level 4. HP: 43/43 MP: 4/4
     6 | D        | Gained mutation: You are immune to rotting. [demonic ancestry]
     6 | D        | Reached XP level 5. HP: 48/48 MP: 5/5
     6 | D        | Gained mutation: You have very sharp fingernails. [demonic ancestry]
     6 | D        | Reached XP level 6. HP: 55/55 MP: 6/6
     6 | D        | Gained mutation: You may emit foul miasma when damaged in melee. [demonic ancestry]
     6 | D        | Reached XP level 7. HP: 60/60 MP: 7/7
     6 | D        | Gained mutation: You have claws for hands. [demonic ancestry]
     6 | D        | Reached XP level 8. HP: 67/67 MP: 8/8
     6 | D        | Gained mutation: A demonic guardian rushes to your aid. [demonic ancestry]
     6 | D        | Reached XP level 9. HP: 72/72 MP: 9/9
     6 | D        | Reached XP level 10. HP: 79/79 MP: 10/10
     6 | D        | Reached XP level 11. HP: 84/84 MP: 11/11
     6 | D        | Reached XP level 12. HP: 91/91 MP: 12/12
     6 | D        | Reached XP level 13. HP: 96/96 MP: 13/13
     6 | D        | Killed a meat berserker
     6 | D        | Reached * piety under Makhleb
     6 | D        | Gained mutation: You are mostly covered in large bone plates. (SH +6) [demonic ancestry]
     6 | D        | Reached XP level 14. HP: 138/138 MP: 14/14
     7 | D        | Noticed a bag of meat
     7 | D        | Noticed a meat berserker
     7 | D        | Killed a bag of meat
     9 | D        | Killed a bag of meat
     9 | D        | Reached XP level 15. HP: 158/158 MP: 15/15
    11 | D        | Killed a meat berserker
    11 | D        | Reached ** piety under Makhleb
    11 | D        | Reached skill level 27 in Fighting
    11 | D        | Reached XP level 16. HP: 167/167 MP: 16/16
    13 | D        | Reached *** piety under Makhleb
    14 | D        | Noticed a meat berserker
    14 | D        | Noticed a meat berserker
    15 | D        | Noticed a meat berserker
    15 | D        | Noticed a meat berserker
    16 | D        | Noticed a meat berserker
    16 | D        | Noticed a meat berserker
    16 | D        | Killed a meat berserker
    16 | D        | Reached skill level 27 in Dodging
    16 | D        | Gained mutation: You are completely covered in large bone plates. (SH +8) [demonic ancestry]
    16 | D        | Reached XP level 17. HP: 174/174 MP: 17/17
    17 | D        | Noticed a meat berserker
    17 | D        | Noticed a meat berserker
    18 | D        | Killed a meat berserker
    18 | D        | Reached **** piety under Makhleb
    18 | D        | Gained mutation: Your magical and physical power is slightly enhanced at high health. [demonic ancestry]
    18 | D        | Reached XP level 18. HP: 182/182 MP: 18/18
    19 | D        | Noticed a meat berserker
    19 | D        | Noticed a meat berserker
    19 | D        | Killed a meat berserker
    19 | D        | Reached ***** piety under Makhleb
    19 | D        | Reached skill level 27 in Armour
    19 | D        | Gained mutation: Your magical and physical power is enhanced at high health. [demonic ancestry]
    19 | D        | Reached XP level 19. HP: 189/189 MP: 18/33
    19 | D        | Killed a meat berserker
    19 | D        | Reached skill level 27 in Invocations
    20 | D        | Noticed a destroyer
    21 | D        | Noticed a meat berserker
    21 | D        | Killed a meat berserker
    21 | D        | Reached skill level 27 in Stealth
    21 | D        | Reached skill level 5 in Throwing
    21 | D        | Reached XP level 20. HP: 197/197 MP: 18/37
    22 | D        | Noticed a meat berserker
    22 | D        | Noticed a destroyer
    22 | D        | Noticed a destroyer
    23 | D        | Killed a meat berserker
    23 | D        | Gained mutation: Your magical and physical power is greatly enhanced at high health. [demonic ancestry]
    23 | D        | Reached XP level 21. HP: 176/204 MP: 18/38
    23 | D        | Reached ****** piety under Makhleb
    23 | D        | Reached skill level 27 in Throwing
    23 | D        | Reached skill level 15 in Unarmed Combat
    23 | D        | Reached skill level 15 in Spellcasting
    24 | D        | Noticed a large bag of meat
    25 | D        | Gained mutation: You frequently emit foul miasma when damaged in melee. [demonic ancestry]
    25 | D        | Reached XP level 22. HP: 200/212 MP: 19/48
    27 | D        | Reached skill level 27 in Unarmed Combat
    27 | D        | Reached skill level 27 in Spellcasting
    27 | D        | Reached XP level 23. HP: 219/219 MP: 19/54
    30 | D        | Noticed a destroyer
    31 | D        | Gained mutation: A powerful demonic guardian rushes to your aid. [demonic ancestry]
    31 | D        | Reached XP level 24. HP: 227/227 MP: 21/54
    31 | D        | Killed a destroyer
    33 | D        | Killed a destroyer
    33 | D        | Reached XP level 25. HP: 234/234 MP: 21/54
    35 | D        | Annihilated by a sculptor of flesh

Skill      XL: |  1  2  3  4  5  6  7  8  9 10 11 12 13 14 15 16 17 18 19 20 21 22 |
---------------+-------------------------------------------------------------------+-----
Axes           | 27 | 27.0
Fighting       | 7 21 26 27 | 27.0
Dodging        | 21 27 | 27.0
Armour         | 21 27 | 27.0
Invocations    | 21 27 | 27.0
Stealth        | 27 | 27.0
Throwing       | 5 26 27 | 27.0
Unarmed Combat | 22 27 | 27.0
Spellcasting   | 22 27 | 27.0

Action                   |  1- 3 |  4- 6 |  7- 9 | 10-12 | 13-15 | 16-18 | 19-21 | 22-24 | 25-27 || total
-------------------------+-------+-------+-------+-------+-------+-------+-------+-------+-------++-------
Melee: Executioner's axe |     1 |       |       |       |     3 |     4 |     3 |     4 |       ||    15
 Stab: Distracted        |       |       |       |       |     1 |       |       |       |       ||     1
Dodge: Dodged            |       |       |       |       |     1 |       |     2 |     2 |       ||     5
Block: Other             |       |       |       |       |       |       |     1 |     3 |       ||     4
